 Dungeon Crawl Stone Soup version 0.29-a0-284-gf9362112df (webtiles) character file.

Game seed: 14404930053169265460

6649 drugrobin the Cleaver (level 10, -11/93 HPs)
             Began as a Demigod Fighter on Mar 16, 2022.
             Shot with an arrow by a centaur warrior (13 damage)
             ... on level 9 of the Dungeon on Mar 17, 2022.
             The game lasted 00:24:25 (12425 turns).

drugrobin the Cleaver (Demigod Fighter)            Turns: 12425, Time: 00:24:25

Health: -11/93     AC: 10    Str: 29    XL:     10   Next: 45%
Magic:  13/13      EV: 10    Int: 10    God:
Gold:   594        SH:  4    Dex: 13    Spells: 7/9 levels left

rFire   . . .      SeeInvis .   d - +2 flail (venom)
rCold   . . .      Faith    .   x - +0 buckler
rNeg    . . .      Spirit   .   N - +2 steam dragon scales
rPois   .          Reflect  .   F - +0 helmet
rElec   .          Harm     .   h - +0 cloak
rCorr   .          Rampage  .   (no gloves)
Will    +....                   k - +0 pair of boots
Stlth   +.........              n - amulet of magic regeneration
HPRegen 0.25/turn               (no ring)
MPRegen 0.53/turn               (no ring)

@: lethally poisoned (-11 -> -14), about to teleport, marked
A: high MP 1, forlorn, divine attributes
a: no special abilities


You were on level 9 of the Dungeon.
You visited 1 branch of the dungeon, and saw 9 of its levels.
You also visited: Sewer.

You collected 594 gold pieces.

Inventory:

Hand Weapons
 a - a +0 war axe
 b - a +0 hunting sling
 c - a +1 vorpal morningstar
 d - a +2 flail of venom (weapon)
 e - a +5 mace
Missiles
 v - 5 boomerangs (quivered)
 z - 19 poisoned darts
 J - a curare-tipped dart
Armour
 h - a +0 cloak (worn)
 k - a +0 pair of boots (worn)
 q - a +0 plate armour
 x - a +0 buckler (worn)
 F - a +0 helmet (worn)
 N - +2 steam dragon scales (worn)
Jewellery
 n - an amulet of magic regeneration (around neck)
Wands
 K - a wand of paralysis (1)
 M - a wand of digging (6)
Scrolls
 f - 2 scrolls of identify
 i - 2 scrolls of fear {unknown}
 l - 3 scrolls of vulnerability
 o - 2 scrolls of teleportation
 p - a scroll of enchant armour {unknown}
 r - 2 scrolls of summoning {unknown}
 t - 3 scrolls of enchant weapon {unknown}
 u - a scroll of silence {unknown}
 w - 2 scrolls of noise {unknown}
 A - 3 scrolls of magic mapping {unknown}
 G - a scroll of amnesia {unknown}
 L - a scroll of fog {unknown}
 O - a scroll of blinking {unknown}
Potions
 g - 5 potions of curing {unknown}
 j - 2 potions of resistance {unknown}
 m - 2 potions of magic {unknown}
 s - 2 potions of flight {unknown}
 y - 5 potions of might
 B - 3 potions of brilliance {unknown}
 C - a potion of experience {unknown}
 D - 2 potions of degeneration {unknown}
 E - a potion of lignification {unknown}
 H - 2 potions of heal wounds
 I - a potion of mutation {unknown}
 P - a potion of attraction {unknown}


   Skills:
 + Level 10.2 Fighting
 + Level 11.6 Axes
 - Level 2.6 Armour
 - Level 2.6 Shields


You had 7 spell levels left.
You knew the following spells:

 Your Spells              Type           Power      Damage    Failure   Level
a - Wereblood             Tmut           0%         N/A       58%         2

Your spell library contained the following spells:

 Spells                   Type           Power      Damage    Failure   Level
 Ensorcelled Hibernation  Hex/Ice        0%         N/A       58%         2
 Passwall                 Tmut/Erth      0%         N/A       58%         2
 Sublimation of Blood     Necr           0%         N/A       58%         2
 Frozen Ramparts          Ice            0%         1d2       83%         3
 Swiftness                Air            0%         N/A       83%         3
 Tukima's Dance           Hex            0%         N/A       83%         3
 Anguish                  Hex/Necr       0%         N/A       99%         4
 Ice Form                 Ice/Tmut       0%         N/A       99%         4
 Summon Ice Beast         Ice/Summ       0%         N/A       99%         4
 Enfeeble                 Hex            0%         N/A       100%        7
 Summon Hydra             Summ           0%         N/A       100%        7


Dungeon Overview and Level Annotations

Branches:
Dungeon (9/15)             Temple (0/1) D:4            Lair (0/6) D:8
  Sewer (visited)
    Orc: D:9-12

Annotations:
D:9 Maurice


Innate Abilities, Weirdness & Mutations

You have an increased reservoir of magic. (+10% MP)
You shall have no god before yourself.
Your divine heritage dramatically boosts your attributes as you level up.


Message History

The centaur warrior wields a +0 longbow.
The centaur warrior shoots an arrow.
The arrow hits you!
* * * LOW HITPOINT WARNING * * *
Unknown command.
Unknown command.
Unknown command.
As you read the scroll labelled ETENONK UTHRA, it crumbles to dust.
It is a scroll of identify.
l - 3 scrolls of vulnerability You feel sick.
A cyan ugly thing comes into view.
Unknown command.
Unknown command.
Unknown command.
You feel much better.
You feel sick.
The centaur warrior shoots an arrow.
The arrow hits you!
* * * LOW HITPOINT WARNING * * *
A centaur warrior comes into view.
Unknown command.
As you read the scroll labelled VEISHR JEETUE, it crumbles to dust.
You feel strangely unstable.
It was a scroll of teleportation.
You feel sick.
The orc warrior hits you from afar with a +0 glaive!
* * * LOW HITPOINT WARNING * * *
Unknown command.
Unknown command.
Unknown command.
Unknown command.
Unknown command.
Unknown command.
Unknown command.
Unknown command.
Unknown command.
Unknown command.
The acid dragon attacks as you move away!
The acid dragon bites you!
* * * LOW HITPOINT WARNING * * *
The acid dragon misses you.
* * * LOW HITPOINT WARNING * * *
You feel sick.
The centaur warrior shoots an arrow.
The arrow hits you!
You die...

##.#.........#♣.≈.≈$..≈.♣
#.'.....#...#♣.≈.≈⌠≈(≈.♣
###.....#...#♣.≈.≈≈≈.≈.♣
#....##...#♣.≈.....≈.♣
#....##...#♣.≈≈≈≈≈≈≈
#....##...'.........
#...u.#.k.#♣♣♣♣♣♣♣♣♣
.....c..D.#####
...c..o).@...####
#'#....#.......#
+_'....#.......#
#'#.........#..# .
#...#....##### ##.#_#..##
#..#...# ##......#
..#......##


You could see a cyan ugly thing, 2 centaur warriors, a rime drake, an orc
warrior and an acid dragon.

Vanquished Creatures
  A manticore (D:9)
  Maggie (D:8)
  Psyche (D:8)
  A komodo dragon (D:8)
  3 kobold demonologists
  A meliai (D:9)
  A troll (D:9)
  A hornet (D:7)
  5 yaks
  2 wyverns (D:8)
  A steam dragon (D:8)
  Pargi (Sewer)
  A black bear (D:6)
  An ice beast (D:7)
  An orc warrior (D:9)
  2 sky beasts (D:5)
  3 ogres
  A phantom (D:7)
  2 kobold brigands
  A necrophage (D:5)
  2 bullfrogs (D:8)
  A scorpion (D:7)
  4 wights (D:8)
  10 killer bees
  4 howler monkeys
  An electric eel (D:9)
  A hound (D:5)
  5 orc priests
  4 iguanas
  10 orc wizards
  3 gnolls (D:3)
  4 adders
  A shadow imp (D:6)
  3 white imps (D:5)
  3 ufetubi
  A worm (D:3)
  3 dart slugs
  17 orcs
  8 endoplasms
  5 giant cockroaches
  11 goblins
  8 hobgoblins
  10 jackals
  11 kobolds
  6 quokkas
  9 ball pythons
  7 bats
  11 frilled lizards
  6 rats
200 creatures vanquished.

Vanquished Creatures (others)
  An orc (D:8)
  3 plants (D:8)
4 creatures vanquished.

Grand Total: 204 creatures vanquished

Notes
Turn   | Place    | Note
-------+----------+-------------------------------------------
     0 | D:1      | drugrobin the Demigod Fighter began the quest for the Orb.
     0 | D:1      | Reached XP level 1. HP: 18/18 MP: 3/3
    22 | D:1      | Reached skill level 2 in Axes
    36 | D:1      | Reached XP level 2. HP: 17/25 MP: 4/4
   554 | D:1      | Reached skill level 3 in Axes
   802 | D:1      | Reached XP level 3. HP: 30/30 MP: 5/5
  1809 | D:2      | Reached skill level 4 in Axes
  1959 | D:2      | Reached XP level 4. HP: 37/37 MP: 6/6
  3021 | D:4      | Reached skill level 5 in Axes
  3021 | D:4      | Reached XP level 5. HP: 18/42 MP: 7/7
  3249 | D:4      | Noticed an ogre
  3326 | D:4      | Killed an ogre
  3456 | D:4      | Reached skill level 6 in Axes
  3456 | D:4      | Reached XP level 6. HP: 48/50 MP: 8/8
  3482 | D:4      | Found a staircase to the Ecumenical Temple.
  4045 | D:5      | Entered Level 5 of the Dungeon
  4264 | D:5      | Found a glowing drain.
  4284 | Sewer    | Entered a sewer
  4367 | Sewer    | Noticed Pargi
  4399 | Sewer    | Killed Pargi
  4400 | Sewer    | Reached XP level 7. HP: 45/59 MP: 9/9
  4589 | D:5      | Reached skill level 7 in Axes
  5996 | D:6      | Reached skill level 5 in Fighting
  7019 | D:6      | You fall into a shaft and drop 2 floors!
  7067 | D:8      | Reached XP level 8. HP: 65/69 MP: 10/10
  7072 | D:8      | Noticed a kobold demonologist
  7087 | D:8      | Killed a kobold demonologist
  7088 | D:8      | Reached skill level 8 in Axes
  7553 | D:8      | Found a staircase to the Lair.
  7554 | D:8      | Noticed a komodo dragon
  7577 | D:8      | Killed a komodo dragon
  7578 | D:8      | Reached skill level 9 in Axes
  7872 | D:8      | Reached XP level 9. HP: 55/79 MP: 11/11
  8607 | D:7      | Paralysed by a hornet for 1 turns
  8610 | D:7      | Paralysed by a hornet for 2 turns
  9160 | D:7      | Noticed a kobold demonologist
  9174 | D:7      | Killed a kobold demonologist
  9175 | D:7      | Reached skill level 10 in Axes
  9471 | D:8      | Noticed Maggie
  9487 | D:8      | Killed Maggie
  9609 | D:8      | Learned a level 2 spell: Wereblood
  9628 | D:8      | Noticed Psyche
  9642 | D:8      | Killed Psyche
  9910 | D:9      | Reached XP level 10. HP: 18/91 MP: 13/13
 10269 | D:9      | Noticed Maurice
 10603 | D:9      | Reached skill level 11 in Axes
 10663 | D:9      | Noticed a manticore
 10677 | D:9      | Killed a manticore
 11312 | D:9      | Reached skill level 10 in Fighting
 12421 | D:9      | Noticed a centaur warrior
 12422 | D:9      | Noticed a cyan ugly thing
 12423 | D:9      | Noticed a centaur warrior
 12425 | D:9      | HP: 3/93 [acid dragon (11)]
 12425 | D:9      | Shot with an arrow by a centaur warrior

Illustrated notes

Levels and vault maps discovered:
D:1:      dpeg_arrival_simpleton_a, layout_basic,
          chequers_ecumenical_altar_island, hex_large, roderic_three_in_a_row,
          minmay_surrounded
D:2:      layout_loops_ring, basic_altar, minmay_goblin_outpost
D:3:      layout_loops_cross, evilmike_ruin_ashenzari, elyvilon_altar_1
D:4:      layout_cave_pods, minmay_temple_entry_proselytizer
D:5:      layout_cave_pools, portal_sewer_entry_d
D:6:      layout_loops_corners, gammafunk_temple_overflow_wave
D:7:      hellmonk_destroyed_diamonds, layout_loops_corners,
          mainiacjoe_overflow_boulevard
D:8:      layout_cave_pools, david_lair_shrubbed, uniq_maggie, uniq_psyche
D:9:      minmay_the_grid_plus [minmay_the_grid_paths, minmay_the_grid_dragon_a,
          minmay_the_grid_gridbox, minmay_the_grid_minigrid_small,
          minmay_the_grid_prize_trominoes], layout_cave_pools, kennysheep_mini,
          okawaru_metal_pillars_1_2, kennysheep_small_spiral, uniq_maurice

Skill      XL: |  1  2  3  4  5  6  7  8  9 10 |
---------------+-------------------------------+-----
Axes           | 2 3 4 5 6 7 9 10 11 | 11.6
Fighting       | 4 5 7 9 10 | 10.2
Armour         | |  2.6
Shields        | |  2.6

Action                   |  1- 3 |  4- 6 |  7- 9 | 10-12 || total
-------------------------+-------+-------+-------+-------++-------
Melee: War axe           |   170 |   143 |   123 |    10 ||   446
       Morningstar       |       |    21 |       |       ||    21
       Dagger            |       |     8 |    51 |       ||    59
       Flail             |       |       |   101 |    78 ||   179
       Mace              |       |       |    30 |       ||    30
 Fire: Hunting sling     |       |     4 |       |    23 ||    27
Throw: Throwing net      |     2 |     2 |       |       ||     4
       Boomerang         |       |    23 |    12 |     2 ||    37
       Dart              |       |       |    11 |     1 ||    12
 Cast: Wereblood         |       |       |     1 |       ||     1
Evoke: Wand              |       |       |       |     6 ||     6
  Use: Potion            |       |       |     3 |     1 ||     4
       Scroll            |       |       |       |     2 ||     2
 Stab: Held in net/web   |       |     1 |       |       ||     1
       Paralysed         |       |       |       |     3 ||     3
Armor: Scale mail        |    84 |       |       |       ||    84
       Plate armour      |    30 |   114 |   159 |       ||   303
       Steam dragon scal |       |       |    11 |    56 ||    67
       Skin              |       |       |     1 |       ||     1
Dodge: Dodged            |    77 |    54 |    80 |    72 ||   283
Block: Buckler           |    41 |    33 |    44 |    27 ||   145

Table legend: (Time is in decaauts)
 A = Elapsed time spent in this place.
 B = Non-inter-level travel time spent in this place.
 C = Inter-level travel time spent in this place.
 D = Time resting spent in this place.
 E = Time spent auto-exploring this place.
 F = Levels seen in this place.
 G = Mean time per level.
                   A        B        C        D        E       F      G
               +--------+--------+--------+--------+--------+-----+--------+
         Total |  12667 |  12434 |    233 |   3946 |   5669 |  10 | 1266.7 |
       Dungeon |  12366 |  12133 |    233 |   3946 |   5544 |   9 | 1374.0 |
         Sewer |    300 |    300 |      0 |      0 |    125 |   1 |  300.0 |
               +--------+--------+--------+--------+--------+-----+--------+

Top non-repeatable levels by time:
     D:8: 2486 daAuts
     D:9: 1612 daAuts
     D:6: 1547 daAuts
     D:7: 1367 daAuts
     D:5: 1207 daAuts
     D:1: 1130 daAuts
     D:4: 1089 daAuts
     D:2: 1018 daAuts
     D:3: 907 daAuts
   Sewer: 300 daAuts
